 Dungeon Crawl Stone Soup version 0.28.0-1-gb440e238dd (webtiles) character file.

Game seed: 9180518384299711517

383 Ablot the Grasshopper (level 6, -2/51 HPs)
             Began as a Gnoll Warper on Feb 26, 2022.
             Slain by an iguana (3 damage)
             ... on level 4 of the Dungeon.
             The game lasted 00:04:33 (3459 turns).

Ablot the Grasshopper (Gnoll Warper)                Turns: 3459, Time: 00:04:34

Health: -2/51      AC:  7    Str: 12    XL:     6   Next: 76%
Magic:  12/14      EV: 13    Int: 12    God:
Gold:   116        SH:  0    Dex: 12    Spells: 13/15 levels left

rFire   x . .      SeeInvis .   a - +0 spear
rCold   + . .      Faith    .   (no shield)
rNeg    . . .      Spirit   .   b - +0 leather armour
rPois   .          Reflect  .   (no helmet)
rElec   .          Harm     .   (no cloak)
rCorr   .          Rampage  .   G - +2 pair of gloves
Will    .....                   s - +0 pair of boots
Stlth   ++........              (no amulet)
HPRegen 0.17/turn               m - ring of ice
MPRegen 0.14/turn               (no ring)

@: no status effects
A: fangs 1, strong nose, distributed training
a: no special abilities


You were on level 4 of the Dungeon.
You visited 1 branch of the dungeon, and saw 4 of its levels.

You collected 116 gold pieces.

Inventory:

Hand Weapons
 a - a +0 spear (weapon)
 l - a +2 vampiric dagger
Missiles
 d - 5 boomerangs of dispersal
 f - 37 stones
 g - 3 boomerangs
 k - 13 arrows
 n - 4 poisoned darts (quivered)
 p - 11 sling bullets
 D - 13 bolts
Armour
 b - a +0 leather armour (worn)
 s - a +0 pair of boots (worn)
 G - a +2 pair of gloves (worn)
Jewellery
 h - an amulet of faith
 m - a ring of ice (left hand)
Scrolls
 c - 2 scrolls of blinking
 e - 4 scrolls of identify {unknown}
 i - 2 scrolls of teleportation {unknown}
 q - 2 scrolls of torment {unknown}
 r - a scroll of enchant weapon {unknown}
 t - a scroll of amnesia {unknown}
 v - a scroll of fog {unknown}
 x - a scroll of noise {unknown}
 y - a scroll of magic mapping {unknown}
 z - a scroll of enchant armour {unknown}
 E - a scroll of summoning {unknown}
Potions
 j - a potion of degeneration {unknown}
 o - a potion of flight {unknown}
 u - a potion of cancellation {unknown}
 w - a potion of magic {unknown}
 A - a potion of brilliance {unknown}
 B - a potion of heal wounds {unknown}
 C - a potion of curing {unknown}
 F - a potion of haste {unknown}


   Skills:
 + Level 5.0 Fighting
 + Level 2.1 Short Blades
 + Level 2.1 Long Blades
 + Level 2.1 Axes
 + Level 2.1 Maces & Flails
 + Level 5.0 Polearms
 + Level 2.1 Staves
 + Level 2.1 Slings
 + Level 2.1 Bows
 + Level 2.1 Crossbows
 + Level 3.3 Throwing
 + Level 3.3 Armour
 + Level 5.0 Dodging
 + Level 2.1 Stealth
 + Level 2.1 Shields
 + Level 2.1 Unarmed Combat
 + Level 5.4 Spellcasting
 + Level 1.6 Conjurations
 + Level 1.6 Hexes
 + Level 1.6 Summonings
 + Level 1.6 Necromancy
 + Level 5.7 Translocations
 + Level 1.6 Transmutations
 + Level 1.6 Fire Magic
 + Level 1.6 Ice Magic
 + Level 1.6 Air Magic
 + Level 1.6 Earth Magic
 + Level 1.6 Poison Magic
 + Level 2.3 Invocations
 + Level 2.1 Evocations


You had 13 spell levels left.
You knew the following spells:

 Your Spells              Type           Power      Damage    Failure   Level
a - Blink                 Tloc           34%        N/A       3%          2

Your spell library contained the following spells:

 Spells                   Type           Power      Damage    Failure   Level
 Gell's Gravitas          Tloc           17%        N/A       7%          3
 Lesser Beckoning         Tloc           17%        N/A       7%          3
 Teleport Other           Tloc           17%        N/A       7%          3
 Manifold Assault         Tloc           17%        N/A       54%         5


Dungeon Overview and Level Annotations

Branches:
Dungeon (4/15)
 Temple: D:4-7

Altars:
Gozag
Xom


Innate Abilities, Weirdness & Mutations

You have very sharp teeth.
Your uncanny sense of smell can sniff out nearby items.
Your experience applies equally to all skills.


Message History

The iguana closely misses you.
You hit the iguana.
The iguana is severely wounded.
The iguana bites you!
* * * LOW HITPOINT WARNING * * *
You hit the iguana.
The iguana is almost dead.
The iguana barely misses you.
You hit the iguana but do no damage. You bite the iguana, but do no damage.
The iguana is almost dead.
You completely miss the iguana.
The iguana is almost dead.
The iguana bites you but does no damage.
You completely miss the iguana.
The iguana is almost dead.
The iguana barely misses you.
Casting: Blink (safe; 3% risk of failure)
Confirm with . or Enter, or press ? or * to list all spells.
You blink.
Reach: a) +0 spear
Press: ? - help, Dir - move target, f/p - iguana
Aim: an iguana (almost dead, about 32% to evade your +0 spear)
You reach to attack!
You hit the iguana but do no damage.
The iguana is almost dead.
You hit the iguana but do no damage.
The iguana is almost dead.
The iguana closely misses you.
You hit the iguana but do no damage.
The iguana is almost dead.
The iguana closely misses you.
You closely miss the iguana.
The iguana is almost dead.
The iguana bites you!
* * * LOW HITPOINT WARNING * * *
Unknown command.
You hit the iguana but do no damage.
The iguana is almost dead.
You feel stable enough to blink again. The iguana bites you.
You die...

#.# ∆
..........).......
#.#
###.#######.#####.
#.# #.# #.# #. #?.
# #.# #.# ## ##.
#. #.# #.# . #.###
#.# #.# #...# #.#
#.#
#...##.#######.#
#..@l.........#
#..$##.#########
#.#.##.#.#
#....#.# #.#
.....# #.. ######
### ∆


You could see an iguana.

Vanquished Creatures
  A necrophage (D:4)
  An ogre (D:3)
  3 orc priests
  Ijyb (D:3)
  2 adders (D:3)
  A river rat (D:3)
  2 worms (D:2)
  A dart slug (D:3)
  7 orcs
  2 endoplasms
  3 giant cockroaches (D:1)
  10 goblins
  7 hobgoblins
  3 jackals (D:3)
  4 quokkas
  3 ball pythons
  3 bats
  A frilled lizard (D:2)
  2 kobolds
  6 rats
63 creatures vanquished.

Notes
Turn   | Place    | Note
-------+----------+-------------------------------------------
     0 | D:1      | Ablot the Gnoll Warper began the quest for the Orb.
     0 | D:1      | Reached XP level 1. HP: 20/20 MP: 6/6
   122 | D:1      | Reached XP level 2. HP: 22/26 MP: 7/7
   125 | D:1      | Learned a level 2 spell: Blink
   209 | D:1      | Found a faded altar of an unknown god.
   922 | D:2      | Reached XP level 3. HP: 31/31 MP: 9/9
   980 | D:2      | Reached skill level 5 in Spellcasting
  1221 | D:2      | Reached skill level 1 in Invocations
  1536 | D:3      | Noticed Ijyb
  1545 | D:3      | Paralysed by Ijyb for 3 turns
  1553 | D:3      | Paralysed by Ijyb for 3 turns
  1563 | D:3      | Paralysed by Ijyb for 2 turns
  1570 | D:3      | Killed Ijyb
  1571 | D:3      | Reached skill level 1 in Short Blades
  1571 | D:3      | Reached skill level 1 in Long Blades
  1571 | D:3      | Reached skill level 1 in Axes
  1571 | D:3      | Reached skill level 1 in Maces & Flails
  1571 | D:3      | Reached skill level 1 in Staves
  1571 | D:3      | Reached skill level 1 in Slings
  1571 | D:3      | Reached skill level 1 in Bows
  1571 | D:3      | Reached skill level 1 in Crossbows
  1571 | D:3      | Reached skill level 1 in Stealth
  1571 | D:3      | Reached skill level 1 in Shields
  1571 | D:3      | Reached skill level 1 in Unarmed Combat
  1571 | D:3      | Reached skill level 1 in Evocations
  1571 | D:3      | Reached XP level 4. HP: 14/38 MP: 11/11
  1862 | D:3      | Reached skill level 1 in Conjurations
  1862 | D:3      | Reached skill level 1 in Hexes
  1862 | D:3      | Reached skill level 1 in Summonings
  1862 | D:3      | Reached skill level 1 in Necromancy
  1862 | D:3      | Reached skill level 1 in Transmutations
  1862 | D:3      | Reached skill level 1 in Fire Magic
  1862 | D:3      | Reached skill level 1 in Ice Magic
  1862 | D:3      | Reached skill level 1 in Air Magic
  1862 | D:3      | Reached skill level 1 in Earth Magic
  1862 | D:3      | Reached skill level 1 in Poison Magic
  1872 | D:3      | Reached XP level 5. HP: 18/43 MP: 12/12
  1991 | D:3      | Found an opulent altar of Gozag.
  2226 | D:3      | Noticed an ogre
  2240 | D:3      | Killed an ogre
  2241 | D:3      | Reached XP level 6. HP: 50/50 MP: 13/13
  3012 | D:4      | Found a shimmering altar of Xom.
  3057 | D:4      | Reached skill level 5 in Fighting
  3057 | D:4      | Reached skill level 5 in Polearms
  3057 | D:4      | Reached skill level 5 in Dodging
  3230 | D:4      | Noticed a necrophage
  3261 | D:4      | Killed a necrophage
  3458 | D:4      | HP: 1/51 [iguana (7)]
  3459 | D:4      | Slain by an iguana

Illustrated notes

Levels and vault maps discovered:
D:1:      wander_arrival_lonely_grave, layout_loops_ring,
          chequers_ecumenical_altar_simple
D:2:      layout_basic
D:3:      layout_basic, nicolae_gozag_seed_capital, portal_sewer_entry_b,
          uniq_ijyb
D:4:      layout_loops_ring, okawaru_metal_pillars_1_2,
          mainiacjoe_overflow_six_doors_small, general_overflow_altar,
          serial_shops, nicolae_take_the_stairs, hangedman_abyss_or_decor_stabs

Skill      XL: |  1  2  3  4  5  6 |
---------------+-------------------+-----
Spellcasting   | 5 |  5.4
Invocations    | 1 2 |  2.3
Short Blades   | 1 2 |  2.1
Long Blades    | 1 2 |  2.1
Axes           | 1 2 |  2.1
Maces & Flails | 1 2 |  2.1
Staves         | 1 2 |  2.1
Slings         | 1 2 |  2.1
Bows           | 1 2 |  2.1
Crossbows      | 1 2 |  2.1
Stealth        | 1 2 |  2.1
Shields        | 1 2 |  2.1
Unarmed Combat | 1 2 |  2.1
Evocations     | 1 2 |  2.1
Conjurations   | 1 |  1.6
Hexes          | 1 |  1.6
Summonings     | 1 |  1.6
Necromancy     | 1 |  1.6
Transmutations | 1 |  1.6
Fire Magic     | 1 |  1.6
Ice Magic      | 1 |  1.6
Air Magic      | 1 |  1.6
Earth Magic    | 1 |  1.6
Poison Magic   | 1 |  1.6
Throwing       | 3 |  3.3
Armour         | 3 |  3.3
Fighting       | 5 |  5.0
Polearms       | 5 |  5.0
Dodging        | 5 |  5.0
Translocations | |  5.7

Action                   |  1- 3 |  4- 6 || total
-------------------------+-------+-------++-------
Melee: Spear             |    62 |    51 ||   113
       Bite              |    13 |    11 ||    24
       Dagger            |   114 |   144 ||   258
       Punch             |     2 |     3 ||     5
Throw: Dart              |       |     4 ||     4
 Cast: Blink             |       |     6 ||     6
 Stab: Sleeping          |     1 |     2 ||     3
Armor: Leather armour    |    45 |    21 ||    66
Dodge: Dodged            |    82 |   114 ||   196
